 Dungeon Crawl Stone Soup version 0.31.0-11-ge490571c62 (webtiles) character file.

Game seed: 13210507831897001789

11 puppykicker the Firebug (level 2, 0/20 HPs)
             Began as a Ghoul Fire Elementalist on Feb 1, 2024.
             Slain by a quokka (4 damage)
             ... on level 1 of the Dungeon.
             The game lasted 00:01:07 (216 turns).

puppykicker the Firebug (Ghoul Fire Elementalist)    Turns: 216, Time: 00:01:07

Health: 0/20       AC:  3    Str: 11    XL:     2   Next: 25%
Magic:  1/5        EV: 11    Int: 14    God:
Gold:   10         SH:  0    Dex:  9    Spells: 4/5 levels left

rFire   . . .        (no weapon)
rCold   + . .        (no shield)
rNeg    + + +        e - +0 leather armour
rPois   ∞            (no helmet)
rElec   .            (no cloak)
rCorr   .            (no gloves)
SInv    .            (no boots)
Will    .....        (no amulet)
Stlth   +            (no ring)
HPRegen 0.00/turn    (no ring)
MPRegen 0.09/turn

%: no passive effects
@: very slightly contaminated, inhibited regen
A: claws 1, cold resistance 1, negative energy resistance 3, inhibited
regeneration, torment resistance 2, devour on kill
a: no special abilities


You were on level 1 of the Dungeon.
You visited 1 branch of the dungeon, and saw 1 of its levels.

You collected 10 gold pieces.

Inventory:

Armour
 e - a +0 leather armour (worn)
Scrolls
 d - a scroll of revelation {unknown}
Potions
 b - a potion of magic
 c - a potion of ambrosia {unknown}


   Skills:
 - Level 1.7 Dodging
 - Level 2.1 Stealth
 + Level 0.9 Unarmed Combat
 - Level 2.0 Spellcasting
 + Level 1.0 Conjurations
 + Level 2.5 Fire Magic


You had 4 spell levels left.
You knew the following spells:

 Your Spells              Type           Power      Damage    Failure   Level
a - Foxfire               Conj/Fire      24%        2x1d5     14%         1

Your spell library contained the following spells:

 Spells                   Type           Power      Damage    Failure   Level
 Scorch                   Fire           16%        2d5       17%         2
 Inner Flame              Hex/Fire       5%         N/A       50%         3
 Volatile Blastmotes      Fire/Tloc      10%        2d10      50%         3
 Flame Wave               Conj/Fire      6%         2d5       82%         4


Dungeon Overview and Level Annotations

Branches:
Dungeon (1/15)

Altars:


Innate Abilities, Weirdness & Mutations

You are immune to poison.
You have sharp fingernails.
Your flesh is cold resistant. (rC+)
You are immune to negative energy. (rN+++)
You do not regenerate when monsters are visible.
You are immune to unholy pain and torment.
You thrive by killing the living.


Message History

The quokka closely misses you. The jackal bites you.
* * * LOW HITPOINT WARNING * * *
You take 3 damage, and have 8/20 hp.
You now have 1/5 mp.
Casting: Foxfire (safe; 14% risk of failure)
Confirm with . or Enter, or press ? or * to list all spells.
You conjure some foxfire!
* * * LOW MAGIC WARNING * * *
The jackal bites you but does no damage.
The quokka bites you.
* * * LOW HITPOINT WARNING * * *
The jackal barely misses you. The quokka completely misses you.
You take 1 damage, and have 7/20 hp.
You now have 0/5 mp.
You are too injured to fight recklessly!
You are too injured to fight recklessly!
You are too injured to fight recklessly!
The foxfire hits the jackal but does no damage.
The foxfire hits the jackal.
The jackal is almost dead.
The jackal completely misses you. The quokka attacks as it pursues you!
The quokka bites you but does no damage.
Unknown command.
You are too injured to fight recklessly!
You scratch the jackal but do no damage.
The jackal is almost dead.
The jackal bites you but does no damage.
The quokka bites you.
* * * LOW HITPOINT WARNING * * *
You take 3 damage, and have 4/20 hp.
Unknown command.
You closely miss the jackal.
The jackal is almost dead.
The jackal barely misses you. The quokka closely misses you.
The jackal closely misses you.
You barely miss the jackal.
The jackal is almost dead.
The quokka barely misses you. The jackal closely misses you.
You scratch the jackal.
You kill the jackal!
The quokka bites you.
You die...

###########.##
##
#.............
#.
#.#########.##
#. #.# ###
###.####.#
#$....##.#
####.....##.#
............#
#...@r.#.#
#......#.#
###.##.#r# #.
#.#.# #. .....
#. ..... ..
....[
#.##.#.##


You could see a quokka.

Levels and vault maps discovered:
D:1:      mrwooster_arrival_statue_2, layout_loops_ring

Notes
Turn   | Place    | Note
-------+----------+-------------------------------------------
     0 | D:1      | puppykicker the Ghoul Fire Elementalist began the quest for
                  | the Orb.
     0 | D:1      | Reached XP level 1. HP: 14/14 MP: 3/3
    25 | D:1      | Identified a +0 leather armour
    76 | D:1      | Identified a +0 dagger
    88 | D:1      | Identified a +0 scale mail
    95 | D:1      | Reached skill level 1 in Conjurations
    98 | D:1      | Reached XP level 2. HP: 15/20 MP: 0/4
   208 | D:1      | Reached skill level 2 in Spellcasting
   213 | D:1      | HP: 4/20 [quokka (3)]
   216 | D:1      | Slain by a quokka

Table legend: (Time is in decaauts)
 A = Elapsed time spent in this place.
 B = Non-inter-level travel time spent in this place.
 C = Inter-level travel time spent in this place.
 D = Time resting spent in this place.
 E = Time spent auto-exploring this place.
 F = Levels seen in this place.
 G = Mean time per level.
                   A        B        C        D        E       F      G
               +--------+--------+--------+--------+--------+-----+--------+
         Total |    215 |    215 |      0 |     38 |     85 |   1 |  215.0 |
       Dungeon |    215 |    215 |      0 |     38 |     85 |   1 |  215.0 |
               +--------+--------+--------+--------+--------+-----+--------+

Top non-repeatable levels by time:
     D:1: 215 daAuts

Table legend:
 A = Kills in this place as a percentage of kills in the entire game.
 B = Kills by you in this place as a percentage of kills by you in the entire game.
 C = Kills by friends in this place as a percentage of kills by friends in the entire game.
 D = Other kills in this place as a percentage of other kills in the entire game.
 E = Experience gained in this place as a percentage of experience gained in the entire game.
 F = Experience gained in this place divided by the number of levels of this place that you have seen.
                   A       B       C       D       E      F
               +-------+-------+-------+-------+-------+----------------------
         Total | 100.0 | 100.0 |   N/A |   N/A | 100.0 |  18.0
       Dungeon | 100.0 | 100.0 |   N/A |   N/A | 100.0 |  18.0
               +-------+-------+-------+-------+-------+----------------------

Skill      XL: |  1  2 |
---------------+-------+-----
Conjurations   | 1 |  1.0
Spellcasting   | 2 |  2.0
Dodging        | |  1.7
Stealth        | |  2.1
Unarmed Combat | |  0.9
Fire Magic     | |  2.5

Action                     || total
---------------------------++-------
  Melee: Unarmed           ||    30
         Punch             ||     1
   Cast: Foxfire           ||     6
 Armour: Leather armour    ||    29
         Robe              ||     1
  Dodge: Dodged            ||    38

Vanquished Creatures
  A dart slug (D:1)
  4 endoplasms (D:1)
  A goblin (D:1)
  2 jackals (D:1)
8 creatures vanquished.

Vanquished Creatures (others)
  10 foxfires (D:1)
10 creatures vanquished.

Grand Total: 18 creatures vanquished
